 Dungeon Crawl Stone Soup version 0.31.0-9-g3a7656b989 (webtiles) character file.

Game seed: 6348345778086950210

496 James the Cutter (level 7, -6/37 HPs)
             Began as a Vine Stalker Fighter on Jan 24, 2024.
             Mangled by an orc
             ... wielding a +0 trident
              (8 damage)
             ... on level 5 of the Dungeon.
             The game lasted 00:09:32 (4198 turns).

James the Cutter (Vine Stalker Fighter)             Turns: 4198, Time: 00:09:33

Health: -6/37      AC:  0    Str: 25    XL:     7   Next: 15%
Magic:  0/8        EV:  9    Int:  8    God:
Gold:   211        SH:  5    Dex: 15    Spells: 6/6 levels left

rFire   . . .        b - +2 short sword (venom)
rCold   . . .        c - +0 buckler
rNeg    . . .        l - +0 chain mail
rPois   +            p - +0 helmet
rElec   .            w - +0 cloak
rCorr   .            (no gloves)
SInv    .            (no boots)
Will    .....        (no amulet) Stlth
                     f - ring of poison resistance
HPRegen 1.06/turn    r - +6 ring of strength
MPRegen 0.11/turn

%: guardian spirit
@: corroded
A: fangs 2, regeneration 1, magic shield, antimagic bite, no potion heal 2
a: no special abilities


You were on level 5 of the Dungeon.
You visited 1 branch of the dungeon, and saw 5 of its levels.

You collected 211 gold pieces.

Inventory:

Hand Weapons
 a - a +0 dagger of electrocution
   (You took it off a goblin on level 3 of the Dungeon)
 b - a +2 short sword of venom (weapon)
   (You found it on level 2 of the Dungeon)
 k - a +0 spear
   (You took it off a goblin on level 1 of the Dungeon)
 y - a +0 rapier
Missiles
 j - 11 poisoned darts (quivered)
 t - 19 stones
Armour
 c - a +0 buckler (worn)
 i - a +0 ring mail
   (You took it off an orc on level 4 of the Dungeon)
 l - a +0 chain mail (worn)
   (You found it on level 5 of the Dungeon)
 m - a +0 robe
   (You found it on level 4 of the Dungeon)
 n - a +0 robe
   (You found it on level 4 of the Dungeon)
 o - a +0 scale mail
 p - a +0 helmet (worn)
   (You found it on level 2 of the Dungeon)
 q - a +0 leather armour
   (You found it on level 2 of the Dungeon)
 v - a +0 leather armour
   (You found it on level 3 of the Dungeon)
 w - a +0 cloak (worn)
   (You found it on level 3 of the Dungeon)
 B - a +0 plate armour
   (You found it on level 4 of the Dungeon)
Magical Staves
 u - a staff of fire
   (You found it on level 3 of the Dungeon)
Jewellery
 f - a ring of poison resistance (left hand)
   (You found it on level 1 of the Dungeon)
 r - a +6 ring of strength (right hand)
   (You found it on level 2 of the Dungeon)
 s - a ring of fire
   (You took it off a hobgoblin on level 2 of the Dungeon)
Scrolls
 e - a scroll of acquirement
 C - a scroll of teleportation {@r4}
Potions
 d - 2 potions of might
 g - a potion of attraction {unknown}
 h - 3 potions of curing {@q1}
 x - a potion of cancellation
 z - a potion of enlightenment {unknown}
 A - a potion of magic {unknown}
 D - a potion of invisibility {unknown}


   Skills:
 + Level 3.8 Fighting
 + Level 4.5 Short Blades
 - Level 3.0 Armour
 - Level 3.0 Dodging
 - Level 3.0 Shields


You had 6 spell levels left.
You didn't know any spells.
Your spell library contained the following spells:

 Spells                   Type           Power      Damage    Failure   Level
 Inner Flame              Hex/Fire       0%         N/A       100%        3
 Flame Wave               Conj/Fire      0%         2d4       100%        4
 Sticky Flame             Fire/Alch      0%         2d4       100%        4
 Alistair's Intoxication  Alch           0%         N/A       100%        5
 Borgnjor's Vile Clutch   Necr/Erth      0%         N/A       100%        5
 Eringya's Noxious Bog    Alch           0%         4d6       100%        6


Dungeon Overview and Level Annotations

Branches:
Dungeon (5/15)
 Temple: D:4-7

Altars:
The Shining One

Shops:
D:3 :


Innate Abilities, Weirdness & Mutations

You have extremely sharp teeth.
Your natural rate of healing is unusually fast.
When hurt, damage is shared between your health and your magic reserves.
Your bite disrupts and absorbs the magic of your enemies.
Potions cannot restore your health.


Message History

You feel invigorated.
You hit the jelly. The acid corrodes you!
Your hands burn!
You bite the jelly, but do no damage. The jelly hits you.
You are splashed with acid!
You hit the jelly.
Your hands burn!
* * * LOW HITPOINT WARNING * * *
You bite the jelly, but do no damage. The jelly barely misses you.
You hit the jelly but do no damage. The acid corrodes you!
Your hands burn!
* * * LOW HITPOINT WARNING * * *
You bite the jelly, but do no damage. The orc hits you with a +0 dagger.
* * * LOW HITPOINT WARNING * * *
You block the jelly's attack. The jelly attacks as it pursues you!
The jelly closely misses you.
You hit the jelly but do no damage. The acid corrodes you!
Your hands burn!
* * * LOW HITPOINT WARNING * * *
The orc completely misses you. The orc hits you with a +0 dagger.
* * * LOW HITPOINT WARNING * * *
The jelly barely misses you.
You hit the jelly but do no damage.
Your hands burn!
* * * LOW HITPOINT WARNING * * *
You bite the jelly, but do no damage. You block the orc's attack.
The orc hits you with a +0 dagger.
* * * LOW HITPOINT WARNING * * *
The jelly attacks as it pursues you! You block the jelly's attack.
Okay, then.
You hit the jelly but do no damage.
Your hands burn!
* * * LOW HITPOINT WARNING * * *
You bite the jelly, but do no damage. The jelly misses you.
You hit the jelly but do no damage.
Your hands burn!
* * * LOW HITPOINT WARNING * * *
You bite the jelly.
You kill the jelly!
The orc hits you with a +0 dagger.
* * * LOW HITPOINT WARNING * * *
The orc attacks as it pursues you! The orc closely misses you.
An orc comes into view. It is wielding a +0 mace.
The orc attacks as it pursues you! The orc barely misses you.
The orc attacks as it pursues you!
The orc hits you from afar with a +0 trident.
* * * LOW HITPOINT WARNING * * *
The orc attacks as it pursues you! The orc hits you with a +0 dagger.
* * * LOW HITPOINT WARNING * * *
You barely miss the orc. The orc hits you with a +0 dagger.
* * * LOW HITPOINT WARNING * * *
The orc barely misses you.
You hit the orc but do no damage.
The orc is poisoned.
You bite the orc, but do no damage. The orc hits you with a +0 dagger.
* * * LOW HITPOINT WARNING * * *
The orc hits you from afar with a +0 trident!
You die...

*,,,,,,,,,,,,,,,,* #..,,,,,,,,
*,,,,,,,,,,,,,,,,* #...,,,,,,,
+,,,,,,,,,******** #..oo######
*,,,,,,,,,* ########..o#.....
********+** #......#,,.......
,,,,,,,,,,##****#......#,,,#.....
,**,*,,**,#..##,#......#,,,#.....
,*,**,,*,*#..#.##ooo...#####.....
*,,,,**,,.,*#...@##..............
*,**,,*,*#..#.##..#####.....###.#
,,**,*,,*#.#..##.#....#.....#....
*,,,,**,,..##....##...#.....#....
,**,*..##,#..##.#.....#.....#....
,*,**..#.##..#.##.....#.....#....
*,,,,*#....##....############'###
*,**,,#.##..#.##..#....#...#.....
,,**,*,.##.#..##.#.....#...#.....


You could see 3 orcs.

Vanquished Creatures
  A black bear (D:4)
  An ogre (D:5)
  A scorpion (D:5)
  A jelly (D:5)
  A bombardier beetle (D:5)
  2 hounds
  A gnoll (D:1)
  3 adders
  2 dart slugs
  An orc (D:4)
  2 bats
  8 endoplasms
  5 giant cockroaches
  10 goblins
  12 hobgoblins
  4 jackals (D:1)
  3 quokkas
  4 ball pythons
  2 frilled lizards (D:1)
  7 kobolds
  5 rats (D:1)
76 creatures vanquished.

Notes
Turn   | Place    | Note
-------+----------+-------------------------------------------
     0 | D:1      | James the Vine Stalker Fighter began the quest for the Orb.
     0 | D:1      | Reached XP level 1. HP: 11/11 MP: 2/2
   135 | D:1      | Reached skill level 2 in Short Blades
   178 | D:1      | Reached XP level 2. HP: 16/16 MP: 3/3
   373 | D:1      | Reached skill level 3 in Short Blades
   435 | D:1      | Reached XP level 3. HP: 19/19 MP: 4/4
   448 | D:1      | Found a faded altar of an unknown god.
  1377 | D:2      | Reached XP level 4. HP: 23/23 MP: 5/5
  1479 | D:2      | Reached skill level 4 in Short Blades
  1693 | D:3      | Found a glowing golden altar of the Shining One.
  2104 | D:3      | Found Zuytah's Book Emporium.
  2620 | D:4      | Noticed a black bear
  2789 | D:3      | Reached skill level 1 in Dodging
  2789 | D:3      | Reached XP level 5. HP: 28/28 MP: 6/6
  3046 | D:4      | Killed a black bear
  3047 | D:4      | Reached XP level 6. HP: 29/32 MP: 5/7
  3866 | D:5      | Entered Level 5 of the Dungeon
  3920 | D:4      | Identified a scroll of acquirement
  4144 | D:5      | Reached XP level 7. HP: 37/37 MP: 8/8
  4198 | D:5      | Mangled by an orc

Illustrated notes

Levels and vault maps discovered:
D:1:      psy_arrival_radial02, layout_loops_ring,
          dreamdust_ecumenical_altar_angels_and_demons, minmay_distorted
D:2:      layout_basic
D:3:      layout_basic, mainiacjoe_overflow_catwalk, serial_shops, shop,
          dk_noncrumbling_4
D:4:      layout_loops_corners, grunt_ministairs_6, kennysheep_nub,
          nicolae_zig_zag_zippers
D:5:      layout_gridville, nicolae_eternal_life

Skill      XL: |  1  2  3  4  5  6 |
---------------+-------------------+-----
Short Blades   | 2 3 4 |  4.5
Dodging        | 1 2 3 |  3.0
Fighting       | 3 |  3.8
Armour         | 3 |  3.0
Shields        | 3 |  3.0

Action                     |  1- 3 |  4- 6 |  7- 9 || total
---------------------------+-------+-------+-------++-------
  Melee: Rapier            |    97 |       |       ||    97
         Bite              |    23 |    36 |     9 ||    68
         Short sword       |    22 |    86 |    11 ||   119
         Dagger            |       |     9 |       ||     9
  Throw: Dart              |       |     9 |       ||     9
    Use: Scroll            |       |     9 |       ||     9
 Armour: Scale mail        |    68 |    34 |       ||   102
         Chain mail        |       |     3 |    10 ||    13
         Plate armour      |       |     2 |       ||     2
  Dodge: Dodged            |    45 |    41 |     8 ||    94
  Block: Buckler           |    30 |    18 |     4 ||    52
